 Dungeon Crawl Stone Soup version 0.28.0 (webtiles) character file.

Game seed: 8212119143016403272

9744 SnakkuSnakku7 the Basher (level 11, -2/71 HPs)
             Began as a Kobold Warper on Feb 9, 2022.
             Was a High Priest of Okawaru.
             Slain by a komodo dragon (21 damage)
             ... on level 8 of the Dungeon.
             The game lasted 00:23:17 (16784 turns).

SnakkuSnakku7 the Basher (Kobold Warper)           Turns: 16784, Time: 00:23:17

Health: -2/71      AC: 14    Str: 13    XL:     11   Next: 80%
Magic:  0/15       EV:  5    Int: 21    God:    Okawaru [*****.]
Gold:   629        SH:  0    Dex: 14    Spells: 14/14 levels left

rFire   . . .      SeeInvis .   a - +1 whip (venom)
rCold   . . .      Faith    .   (no shield)
rNeg    . . .      Spirit   +   s - +1 plate armour
rPois   +          Reflect  .   r - +0 helmet
rElec   .          Harm     .   (no cloak)
rCorr   .          Rampage  .   (no gloves)
Will    .....                   f - +1 pair of boots
Stlth   ..........              K - amulet of guardian spirit
HPRegen 0.21/turn               k - ring of poison resistance
MPRegen 0.14/turn               p - +6 ring of intelligence

@: no status effects
A: small, no large weapons, nightstalker 3
a: Renounce Religion, Heroism, Finesse, Duel


You were on level 8 of the Dungeon.
You worshipped Okawaru.
Okawaru was extremely pleased with you.
You visited 2 branches of the dungeon, and saw 11 of its levels.
You also visited: Ossuary and Bailey.

You collected 803 gold pieces.
You spent 174 gold pieces at shops.

Inventory:

Hand Weapons
 a - a +1 whip of venom (weapon)
 b - a +0 flail
Missiles
 D - 33 poisoned darts (quivered)
 L - 10 curare-tipped darts
Armour
 f - a +1 pair of boots (worn)
 r - a +0 helmet (worn)
 s - a +1 plate armour (worn)
 u - a +0 kite shield
Jewellery
 k - a ring of poison resistance (left hand)
 p - a +6 ring of intelligence (right hand)
 K - an amulet of guardian spirit (around neck)
Wands
 m - a wand of paralysis (4)
 H - a wand of mindburst (14)
Scrolls
 c - a scroll of blinking
 h - 4 scrolls of immolation {unknown}
 i - 5 scrolls of teleportation
 o - 3 scrolls of magic mapping
 q - a scroll of fog {unknown}
 v - a scroll of vulnerability
 w - a scroll of silence {unknown}
 y - a scroll of fear {unknown}
 J - a scroll of summoning {unknown}
Potions
 d - a potion of degeneration {unknown}
 e - a potion of berserk rage
 g - 4 potions of lignification
 j - 4 potions of cancellation {unknown}
 n - 2 potions of magic
 t - a potion of brilliance
 x - a potion of curing
 z - 3 potions of attraction
 A - 2 potions of might
 B - 3 potions of haste
 C - 4 potions of invisibility
 E - 4 potions of flight
 F - a potion of heal wounds
 G - a potion of mutation


   Skills:
 + Level 9.3 Fighting
 - Level 12.0 Maces & Flails
 - Level 1.1 Throwing
 - Level 0.7 Armour
 - Level 2.4 Dodging
 - Level 2.1 Spellcasting
 - Level 3.0 Translocations
 - Level 6.5 Invocations
 - Level 8.0 Evocations


You had 14 spell levels left.
You didn't know any spells.
Your spell library contained the following spells:

 Spells                   Type           Power      Damage    Failure   Level
 Slow                     Hex            8%         N/A       100%        1
 Blink                    Tloc           28%        N/A       100%        2
 Corpse Rot               Necr/Air       4%         N/A       100%        2
 Poisonous Vapours        Pois/Air       4%         N/A       100%        2
 Gell's Gravitas          Tloc           14%        N/A       100%        3
 Lesser Beckoning         Tloc           14%        N/A       100%        3
 Teleport Other           Tloc           14%        N/A       100%        3
 Anguish                  Hex/Necr       1%         N/A       100%        4
 Fireball                 Conj/Fire      1%         3d3       100%        5
 Freezing Cloud           Conj/Ice/Air   1%         6-21      100%        5
 Iskenderun's Battlesphe  Conj           2%         2d6       100%        5
 Manifold Assault         Tloc           14%        N/A       100%        5
 Conjure Ball Lightning   Conj/Air       1%         3x3d6     100%        6
 Enfeeble                 Hex            1%         N/A       100%        7
 Orb of Destruction       Conj           1%         9d5       100%        7
 Polar Vortex             Ice            1%         N/A       100%        9
 Tukima's Dance           Hex            Unusable   N/A       N/A         3
 Simulacrum               Ice/Necr       Unusable   N/A       N/A         6

Dungeon Overview and Level Annotations

Branches:
Dungeon (10/15)            Temple (0/1) D:5            Lair (1/6) D:8
Ossuary (visited)          Bailey (visited)
    Orc: D:9-12

Altars:
Dithmenos
Fedhas
Gozag
Kikubaaqudgha
Okawaru
Ru
Vehumet

Shops:
D:1 *   D:4 *

Annotations:
D:8 3 runed translucent doors, growler's ghost, novice TeAE
D:10 1 runed translucent door, Erica; Harold; Joseph
Lair:1 Nergalle


Innate Abilities, Weirdness & Mutations

You are small and have problems with some larger weapons.
You are completely attuned to the shadows.


Message History

You barely miss the komodo dragon.
The komodo dragon is heavily wounded.
You hit the komodo dragon.
The komodo dragon is severely wounded.
The komodo dragon barely misses you.
You completely miss the komodo dragon.
The komodo dragon is severely wounded.
You hit the komodo dragon but do no damage.
The komodo dragon looks as sick as possible!
The komodo dragon is severely wounded.
The komodo dragon bites you!
You barely miss the komodo dragon.
The komodo dragon is severely wounded.
You hit the komodo dragon but do no damage.
The komodo dragon looks as sick as possible!
The komodo dragon is severely wounded.
The komodo dragon bites you but does no damage.
You hit the komodo dragon but do no damage.
The komodo dragon looks as sick as possible!
The komodo dragon is severely wounded.
You hit the komodo dragon but do no damage.
The komodo dragon looks as sick as possible!
The komodo dragon is almost dead.
The komodo dragon bites you but does no damage.
You hit the komodo dragon but do no damage.
The komodo dragon looks as sick as possible!
The komodo dragon is severely wounded.
You hit the komodo dragon.
The komodo dragon looks as sick as possible!
The komodo dragon is almost dead.
The komodo dragon bites you!!
* * * LOW HITPOINT WARNING * * *
You hit the komodo dragon but do no damage.
The komodo dragon looks as sick as possible!
The komodo dragon is almost dead.
You hit the komodo dragon.
The komodo dragon looks as sick as possible!
The komodo dragon is almost dead.
The komodo dragon bites you!!
You die... ##......................##....... ##......................###...... ##................PP....###.##### ##......##..P.P.P....)..#..## 8.# ##......###....P.P.P...##..# ..$ ##......###..PP.....P..##..# ... ........##P.P..PP....P..#..# 8_R ........##..P.P####........# .$g ........##..P..#@(#........# $WK

..##...........#.l'...PP...## 8.#
..##..........P####..P......#####
..##..........P.P..P.............
...#......#..........P.#.........
...#......#.....P.P..............
...#......#....PP.........##.....
...#...............P......##.....
..........................##.....


You could see a komodo dragon (extremely poisoned).

Vanquished Creatures
  Gastronok (D:9)
  3 two-headed ogres
  Pikel (D:6)
  A manticore (D:10)
  A komodo dragon (D:8)
  Grinder (D:6)
  A hornet (D:7)
  A shadow (D:9)
  10 yaks
  A wyvern (D:7)
  A steam dragon (D:9)
  2 vampire mosquitoes (D:10)
  Edmund (D:6)
  2 water moccasins
  3 orc warriors
  A black bear (D:5)
  A sky beast (D:7)
  An ogre (D:4)
  3 centaurs
  2 lemures (D:6)
  4 elf zombies (Ossuary)
  3 bullfrogs
  8 kobold brigands
  6 scorpions
  A water moccasin zombie (D:5)
  2 howler monkeys (D:8)
  A centaur zombie (Ossuary)
  2 hounds
  A human zombie (Ossuary)
  2 bullfrog skeletons
  2 centaur skeletons
  2 orc priests
  2 iguanas
  3 orc wizards
  A hound zombie (D:5)
  2 hound skeletons
  2 mummies (Ossuary)
  A howler monkey zombie (D:7)
  9 adders
  7 gnolls
  A shadow imp (D:6)
  A white imp (D:7)
  A worm (D:2)
  A dart slug (D:4)
  19 orcs
  3 ball pythons
  3 endoplasms
  6 giant cockroaches
  7 goblins
  4 hobgoblins
  14 jackals
  19 kobolds
  6 quokkas
  3 bats
  3 frilled lizards (D:1)
  A goblin zombie (Ossuary)
  4 hobgoblin zombies (Ossuary)
  A jackal zombie (Ossuary)
  13 kobold zombies (Ossuary)
  12 orc zombies (Ossuary)
  3 rats
224 creatures vanquished.

Vanquished Creatures (others)
  9 fungi (D:8)
  12 plants
21 creatures vanquished.

Grand Total: 245 creatures vanquished

Notes
Turn   | Place    | Note
-------+----------+-------------------------------------------
     0 | D:1      | SnakkuSnakku7 the Kobold Warper began the quest for the
                  | Orb.
     0 | D:1      | Reached XP level 1. HP: 12/12 MP: 3/3
   165 | D:1      | Reached skill level 2 in Maces & Flails
   422 | D:1      | Reached XP level 2. HP: 13/17 MP: 5/5
   429 | D:1      | Found Qeyzouqo's Assorted Antiques.
   694 | D:1      | Bought a scroll labelled RAXZAN TIYLLY for 29 gold pieces
  1101 | D:2      | Reached XP level 3. HP: 15/21 MP: 6/6
  1109 | D:2      | Reached skill level 3 in Maces & Flails
  2466 | D:2      | Reached XP level 4. HP: 19/26 MP: 7/7
  2658 | D:2      | Found a faded altar of an unknown god.
  2663 | D:2      | Got Plato's Collected Works on the Oath
  3101 | D:3      | Found a shadowy altar of Dithmenos.
  3129 | D:3      | Noticed a bullfrog
  3143 | D:3      | Killed a bullfrog
  3144 | D:3      | Reached skill level 4 in Maces & Flails
  3144 | D:3      | Reached XP level 5. HP: 15/32 MP: 8/8
  3420 | D:3      | Found a sacrificial altar of Ru.
  3420 | D:3      | Found an ancient bone altar of Kikubaaqudgha.
  4434 | D:3      | Found a blossoming altar of Fedhas.
  4714 | D:4      | Reached XP level 6. HP: 35/38 MP: 9/9
  4889 | D:4      | Noticed an ogre
  4897 | D:4      | Killed an ogre
  4898 | D:4      | Reached skill level 5 in Maces & Flails
  5045 | D:4      | Reached XP level 7. HP: 11/44 MP: 10/10
  5307 | D:4      | Found an iron altar of Okawaru.
  5444 | D:4      | Became a worshipper of Warmaster Okawaru
  5619 | D:4      | Found Erenoppouji's General Store.
  5749 | D:4      | Reached skill level 5 in Fighting
  6023 | D:4      | Found a radiant altar of Vehumet.
  6126 | D:5      | Entered Level 5 of the Dungeon
  6304 | D:5      | Reached skill level 6 in Maces & Flails
  6583 | D:5      | Found a sand-covered staircase.
  6593 | Ossuary  | Entered an ossuary
  6808 | Ossuary  | Reached XP level 8. HP: 36/49 MP: 11/11
  7005 | Ossuary  | Reached * piety under Okawaru
  7006 | Ossuary  | Reached skill level 7 in Maces & Flails
  7670 | D:5      | Reached skill level 8 in Maces & Flails
  8004 | D:5      | Found a staircase to the Ecumenical Temple.
  8421 | D:6      | Noticed Edmund
  8442 | D:6      | Killed Edmund
  8443 | D:6      | Reached skill level 9 in Maces & Flails
  8443 | D:6      | Reached XP level 9. HP: 28/54 MP: 12/12
  9089 | D:6      | Noticed Pikel
  9120 | D:6      | Killed Pikel
  9120 | D:6      | Reached ** piety under Okawaru
  9121 | D:6      | Reached skill level 10 in Maces & Flails
  9359 | D:6      | Noticed Grinder
  9391 | D:6      | Killed Grinder
  9940 | D:7      | Noticed a hornet
  9946 | D:7      | Paralysed by a hornet for 1 turns
  9951 | D:7      | Killed a hornet
  9952 | D:7      | Reached skill level 11 in Maces & Flails
 10338 | D:7      | Reached *** piety under Okawaru
 10339 | D:7      | Reached XP level 10. HP: 17/59 MP: 13/13
 11306 | D:8      | Found a runed translucent gate.
 11307 | D:8      | Found a runed translucent gate.
 11307 | D:8      | Found an opulent altar of Gozag.
 11308 | D:8      | Found a runed translucent gate.
 11309 | D:8      | Noticed a guardian serpent
 11310 | D:8      | Noticed growler's ghost (novice TeAE)
 11355 | D:8      | Reached skill level 12 in Maces & Flails
 11474 | D:8      | Noticed a komodo dragon
 11493 | D:8      | Noticed an orb spider
 11497 | D:8      | Noticed an anaconda
 11497 | D:8      | an orb spider changed into an anaconda
 11503 | D:8      | Killed a komodo dragon
 11634 | D:8      | Found a staircase to the Lair.
 12145 | D:8      | Noticed a two-headed ogre
 12189 | D:8      | Killed a two-headed ogre
 12189 | D:8      | Reached **** piety under Okawaru
 12482 | D:9      | Noticed Gastronok
 12959 | D:8      | Reached skill level 1 in Evocations
 13507 | D:9      | Identified the +1 leather armour "Xyankuh" {Rampage rF+++
                  | rCorr Dex-2}
 13572 | D:9      | Killed Gastronok
 13572 | D:9      | Received a gift from Okawaru
 13573 | D:9      | Reached XP level 11. HP: 63/63 MP: 15/15
 13738 | D:9      | Reached ***** piety under Okawaru
 13899 | D:9      | Noticed a two-headed ogre
 13936 | D:9      | Killed a two-headed ogre
 14097 | D:1      | Bought a dented platinum amulet for 145 gold pieces
 14249 | D:8      | Noticed an eleionoma
 14872 | D:10     | Entered Level 10 of the Dungeon
 15023 | D:10     | Found a flagged portal.
 15023 | D:10     | Noticed a manticore
 15042 | D:10     | Killed a manticore
 15075 | Bailey   | Entered a bailey
 15166 | Bailey   | Received a gift from Okawaru
 15658 | Bailey   | Found a burning altar of Makhleb.
 15738 | D:10     | Found a runed translucent door.
 16117 | D:10     | Noticed a two-headed ogre
 16160 | D:10     | Killed a two-headed ogre
 16453 | D:10     | Noticed Harold
 16453 | D:10     | Noticed Erica
 16453 | D:10     | Noticed Joseph
 16453 | D:10     | Noticed a wizard
 16453 | D:10     | Noticed a +5 triple sword
 16754 | Lair:1   | Entered Level 1 of the Lair of Beasts
 16754 | Lair:1   | Noticed Nergalle
 16784 | D:8      | Slain by a komodo dragon

Illustrated notes

Levels and vault maps discovered:
D:1:      dpeg_arrival_castle, layout_rooms, serial_shops,
          nicolae_shop_window_shopping
D:2:      layout_basic, shapermc_ecumenical_altar_rom_forum, minmay_tetromino_t2
D:3:      layout_loops_ring, mainiacjoe_overflow_six_doors_small,
          lemuel_round_altar, gammafunk_temple_overflow_wave
D:4:      nicolae_BIG_FREAKIN_CUBE, layout_loops_ring, marbit_many_paths,
          kennysheep_mini, serial_shops, nicolae_take_the_stairs,
          kennysheep_small_spiral, dk_noncrumbling_4, minmay_misc_feat_cross
D:5:      layout_basic, minmay_temple_entry_overgrown,
          nicolae_ossuary_entry_ruins, st_stairs_8, lemuel_old_faithful
D:6:      layout_loops_corners, uniq_pikel, uniq_grinder, uniq_edmund
D:7:      layout_cave_pools
D:8:      layout_basic, grunt_lair_entry_orc_guard_hut, ebering_ghost_gozag,
          minmay_between
D:9:      layout_cave_pods, uniq_gastronok
D:10:     layout_loops_ring, ebering_ghost_reflecting_pool, enter_bailey_3,
          minivault_21, sword_in_stone
Lair:1:   layout_small_grid, portal_ice_cave_demonic_guard, lemuel_fruit_fields,
          grunt_megastairs_3, uniq_prince_ribbit2, uniq_nergalle

Skill      XL: |  1  2  3  4  5  6  7  8  9 10 11 |
---------------+----------------------------------+-----
Maces & Flails | 2 3 4 5 6 9 11 12 | 12.0
Fighting       | 3 4 5 9 |  9.3
Invocations    | 6 |  6.5
Evocations     | 7 8 |  8.0
Throwing       | |  1.1
Armour         | |  0.7
Dodging        | |  2.4
Spellcasting   | |  2.1
Translocations | |  3.0

Action                   |  1- 3 |  4- 6 |  7- 9 | 10-12 || total
-------------------------+-------+-------+-------+-------++-------
Melee: Mace              |   143 |    80 |       |       ||   223
       Flail             |       |    23 |   260 |    41 ||   324
       Punch             |       |     2 |    10 |     7 ||    19
       Whip              |       |    40 |   326 |   426 ||   792
Throw: Dart              |       |       |       |    19 ||    19
Invok: Heroism           |       |       |     2 |     5 ||     7
Evoke: Wand              |       |     6 |     1 |     7 ||    14
  Use: Potion            |     1 |       |       |     5 ||     6
       Scroll            |       |     1 |    13 |     5 ||    19
 Stab: Sleeping          |     7 |     1 |       |       ||     8
Armor: Leather armour    |    17 |    18 |       |       ||    35
       Plate armour      |       |    39 |   306 |   151 ||   496
       Ring mail         |       |     2 |       |       ||     2
Dodge: Dodged            |   120 |    73 |   115 |    87 ||   395
